 Dungeon Crawl Stone Soup version 0.21.1-1-g345015f (webtiles) character file.

287 IVIUSE the Skirmisher (level 6, -1/40 HPs)
             Began as a Demonspawn Chaos Knight on July 11, 2018.
             Killed from afar by robertSacamano's ghost (4 damage)
             ... with a magic dart
             ... on level 3 of the Dungeon.
             The game lasted 00:07:47 (2919 turns).

IVIUSE the Skirmisher (Demonspawn Chaos Knight)     Turns: 2919, Time: 00:07:49

Health: -1/40      AC:  6    Str: 14    XL:     6   Next: 8%
Magic:  6/6        EV: 11    Int: 13    God:    Xom [.....*]
Gold:   117        SH:  3    Dex: 13    Spells: 5/5 levels left

rFire    + + .     SeeInvis .   a - +1 falchion (chaos)
rCold    . . .     Gourm    .   o - +0 buckler
rNeg     . . .     Faith    .   b - +2 leather armour
rPois    +         Spirit   .   (helmet restricted)
rElec    +         Reflect  .   (no cloak)
rCorr    +         Harm     .   j - +0 pair of gloves
MR       .....                  (no boots)
Stlth    +.........             i - amulet of regeneration
HPRegen  0.53/turn              x - ring of fire
MPRegen  0.10/turn              (no ring)

@: lethally poisoned (-1 -> -11), resistant
A: claws 1, horns 1, talons 1, frail 2, powered by pain 1, screaming 1
a: Renounce Religion


You were on level 3 of the Dungeon.
You worshipped Xom.
You were Xom's teddy bear.
You were very full.

You visited 1 branch of the dungeon, and saw 3 of its levels.
You also visited: Sewer.

You collected 117 gold pieces.

Inventory:

Hand Weapons
 a - a +1 falchion of chaos (weapon)
 m - a +3 mace
Armour
 b - a +2 leather armour (worn)
 j - a +0 pair of gloves (worn)
 o - a +0 buckler (worn)
Jewellery
 i - an amulet of regeneration (around neck)
 k - an uncursed amulet of the gourmand
 s - an uncursed amulet of guardian spirit
 x - a ring of fire (left hand)
 y - an uncursed amulet of faith
Wands
 f - a wand of flame (39)
 p - a wand of random effects (29)
Scrolls
 d - 3 scrolls of enchant armour {unknown}
 e - 4 scrolls of remove curse {unknown}
 g - 2 scrolls of identify
 l - 3 scrolls of enchant weapon
 n - a scroll of magic mapping
 q - 5 scrolls of blinking {unknown}
 r - 2 scrolls of fog {unknown}
 u - 2 scrolls of teleportation
Potions
 t - 2 potions of magic
 v - 2 potions of heal wounds {unknown}
 w - a potion of curing {unknown}
Comestibles
 c - 7 rations


   Skills:
 + Level 5.4 Fighting
 - Level 2.9 Long Blades
 + Level 3.0 Armour
 + Level 2.1 Dodging
 + Level 1.1 Stealth
 + Level 0.2 Shields


You had 5 spell levels left.
You didn't know any spells.

Dungeon Overview and Level Annotations

Branches:
Dungeon (3/15)

Altars:

Annotations:
D:3 robertSacamano's ghost, amateur DrWz


Innate Abilities, Weirdness & Mutations

You have sharp fingernails.
You have a pair of small horns on your head.
You have sharp toenails.
You sometimes gain a little power by taking damage.
You are very frail. (-20% HP)
You occasionally shout uncontrollably at your foes.


Message History

You closely miss something.
You feel sick. Something hits you.
* * * LOW HITPOINT WARNING * * *
You are more poisoned.
Something hits you but does no damage.
You are lethally poisoned!
You miss something.
* * * LOW HITPOINT WARNING * * *
You feel sick.
You hear some strange, mumbled words.
A magic dart appears from out of thin air!
The magic dart hits you!
* * * LOW HITPOINT WARNING * * *
You closely miss something.
* * * LOW HITPOINT WARNING * * *
You feel sick.
You hear some strange, mumbled words.
A magic dart appears from out of thin air!
The magic dart hits you!
You die... "It's all fun and games until someone loses an eye."

*,,,*****,,,****
##.#####.. **,**
*,..* #.#####.. *,*
*,..* #.#...... *,*
**#.* ##.#.###.# *,*
#.* ##....###.#
****,* #.*
####......##.# ,,,,,*
#.* #............#
******
#.######.####....####
#...@{...# ###.##
########## ###


There were no monsters in sight!

Vanquished Creatures
  Sigmund (D:2)
  4 adders
  A river rat (Sewer)
  An ooze (D:1)
  4 worms
  5 dart slugs
  4 orcs (D:3)
  4 bats
  6 giant cockroaches
  4 goblins
  9 hobgoblins
  A jackal (D:1)
  2 kobolds
  A quokka (D:2)
  4 ball pythons (Sewer)
  8 frilled lizards
  11 rats
70 creatures vanquished.

Notes
Turn   | Place    | Note
-------+----------+-------------------------------------------
     0 | D:1      | IVIUSE the Demonspawn Chaos Knight began the quest for the Orb.
     0 | D:1      | Reached XP level 1. HP: 18/18 MP: 1/1
   158 | D:1      | XOM: silly message
   161 | D:1      | Gained mutation: You have sharp fingernails. [demonic ancestry]
   161 | D:1      | Reached XP level 2. HP: 24/24 MP: 2/2
   188 | D:1      | Reached skill level 1 in Dodging
   365 | D:1      | XOM: silly message
   699 | D:2      | Reached XP level 3. HP: 30/30 MP: 3/3
   776 | D:2      | Noticed Sigmund
  1136 | D:2      | Reached skill level 4 in Fighting
  1599 | D:2      | XOM: butterfly on damage
  1605 | D:2      | XOM: cleaving
  1617 | D:2      | Killed Sigmund
  1617 | D:2      | Reached skill level 5 in Fighting
  1617 | D:2      | Reached skill level 1 in Stealth
  1617 | D:2      | Gained mutation: You sometimes gain a little power by taking damage. [demonic ancestry]
  1617 | D:2      | Reached XP level 4. HP: 14/39 MP: 4/4
  1617 | D:2      | Gained mutation: You have a pair of small horns on your head. [demonic ancestry]
  1617 | D:2      | Reached XP level 5. HP: 16/44 MP: 5/5
  1671 | D:2      | XOM: harmless Ice miscast
  2080 | D:3      | Found a glowing drain.
  2089 | Sewer    | Entered a sewer
  2394 | Sewer    | Gained mutation: You have sharp toenails. [demonic ancestry]
  2394 | Sewer    | Reached XP level 6. HP: 51/51 MP: 6/6
  2470 | Sewer    | XOM: give mutations
  2470 | Sewer    | Gained mutation: You are frail. (-10% HP) [Xom's mischief]
  2470 | Sewer    | Gained mutation: You occasionally shout uncontrollably at your foes. [Xom's mischief]
  2543 | Sewer    | XOM: 3-stop teleportation journey
  2637 | D:3      | XOM: smoke on damage
  2803 | D:3      | XOM: harmless Erth miscast
  2816 | D:3      | XOM: give mutation
  2816 | D:3      | Gained mutation: You are very frail. (-20% HP) [Xom's mischief]
  2896 | D:3      | Noticed robertSacamano's ghost (amateur DrWz)
  2919 | D:3      | Killed from afar by robertSacamano's ghost

Skill      XL: |  1  2  3  4  5 |
---------------+----------------+-----
Dodging        | 1 2 |  2.1
Armour         | 2 3 |  3.0
Fighting       | 5 |  5.4
Stealth        | 1 |  1.1
Long Blades    | |  2.9
Shields        | |  0.2

Action                   |  1- 3 |  4- 6 || total
-------------------------+-------+-------++-------
Melee: Falchion          |   125 |   100 ||   225
       Headbutt          |       |    16 ||    16
       Kick              |       |     7 ||     7
  Use: Potion            |     3 |     1 ||     4
       Scroll            |       |     4 ||     4
 Stab: Sleeping          |     1 |     1 ||     2
  Eat: Chunk             |    11 |     6 ||    17
Armor: Leather armour    |    45 |    24 ||    69
Dodge: Dodged            |    63 |    48 ||   111
Block: Buckler           |     5 |     5 ||    10
       Rpst.: Falchion   |    18 |    16 ||    34
